 Dungeon Crawl Stone Soup version 0.27.1-33-g824d729ab1 (webtiles) character file.

Game seed: 5295721382702608900

109 zeram the Ducker (level 4, 0/39 HPs)
             Began as a Troll Summoner on Dec 11, 2021.
             Slain by a hobgoblin (5 damage)
             ... led by Robin
             ... on level 2 of the Dungeon.
             The game lasted 00:03:01 (773 turns).

zeram the Ducker (Troll Summoner)                    Turns: 773, Time: 00:03:02

Health: 0/39       AC:  5    Str: 16    XL:     4   Next: 60%
Magic:  3/4        EV: 10    Int: 12    God:
Gold:   65         SH:  0    Dex: 10    Spells: 2/5 levels left

rFire    . . .     SeeInvis .   e - staff of conjuration
rCold    . . .     Faith    .   (no shield)
rNeg     . . .     Spirit   .   a - +1 robe
rPois    .         Reflect  .   (helmet restricted)
rElec    .         Harm     .   (no cloak)
rCorr    .         Rampage  .   (gloves unavailable)
Will     .....                  (boots unavailable)
Stlth    +.........             (no amulet)
HPRegen  1.13/turn              (no ring)
MPRegen  0.09/turn              (no ring)

@: no status effects
A: large, unfitting armour, claws 3, regeneration 1, shaggy fur 1, tough skin 1
a: no special abilities


You were on level 2 of the Dungeon.
You visited 1 branch of the dungeon, and saw 2 of its levels.

You collected 65 gold pieces.

Inventory:

Missiles
 g - 52 stones (quivered)
Armour
 a - a +1 robe (worn)
Magical Staves
 e - a staff of conjuration (weapon)
Jewellery
 d - a +6 ring of intelligence
Scrolls
 c - a scroll of teleportation {unknown}
 f - a scroll of acquirement {unknown}


   Skills:
 + Level 1.8 Staves
 + Level 3.4 Dodging
 - Level 1.0 Stealth
 - Level 1.2 Spellcasting
 - Level 2.9 Summonings


You had 2 spell levels left.
You knew the following spells:

 Your Spells              Type           Power      Damage    Failure   Level
a - Summon Small Mammal   Summ           28%        N/A       9%          1
b - Call Imp              Summ           7%         N/A       13%         2

Your spell library contained the following spells:

 Spells                   Type           Power      Damage    Failure   Level
 Blink                    Tloc           N/A        N/A       41%         2
 Call Canine Familiar     Summ           7%         N/A       26%         3
 Summon Guardian Golem    Hex/Summ       4%         N/A       43%         3
 Lesser Beckoning         Tloc           0%         N/A       65%         3
 Summon Lightning Spire   Summ/Air       4%         N/A       85%         4
 Manifold Assault         Tloc           0%         N/A       100%        5


Dungeon Overview and Level Annotations

Branches:
Dungeon (2/15)

Altars:

Annotations:
D:2 Robin


Innate Abilities, Weirdness & Mutations

You are too large for most types of armour.
You have claws for hands.
Your natural rate of healing is unusually fast.
You are covered in fur. (AC +1)
You have tough skin. (AC +1)


Message History

You hit the hobgoblin but do no damage.
The hobgoblin hits you but does no damage.
The hobgoblin hits you.
The hobgoblin hits you but does no damage.
You barely miss the hobgoblin. The hobgoblin barely misses you.
The hobgoblin hits you. x2
You hit the hobgoblin.
The hobgoblin is heavily wounded.
The hobgoblin hits you.
* * * LOW HITPOINT WARNING * * *
Robin says, "Bow before me, strongest of all the hobgoblins!"
The hobgoblin hits you but does no damage. x2
It was a potion of curing.
You feel better.
The hobgoblin no longer looks unusually strong. x2
Robin roars a battlecry!
The hobgoblins go into a battle-frenzy!
The hobgoblin closely misses you. The hobgoblin hits you. x2
You closely miss the hobgoblin.
The hobgoblin is heavily wounded.
The hobgoblin hits you but does no damage.
The hobgoblin closely misses you. The hobgoblin barely misses you.
The hobgoblin hits you. The goblin hits you but does no damage.
You hit the hobgoblin.
The hobgoblin is severely wounded.
The hobgoblin closely misses you.
Robin hits you from afar with a +0 spear.
The hobgoblin misses you. The hobgoblin hits you.
The hobgoblin barely misses you. The goblin barely misses you.
You closely miss the hobgoblin.
The hobgoblin is severely wounded.
The hobgoblin no longer looks unusually strong. x2
The hobgoblin hits you but does no damage.
The hobgoblin hits you.
* * * LOW HITPOINT WARNING * * *
The hobgoblin hits you.
* * * LOW HITPOINT WARNING * * *
The hobgoblin closely misses you. The goblin hits you with a +0 club.
* * * LOW HITPOINT WARNING * * *
The hobgoblin hits you.
You die...

####≈..≈≈≈≈≈≈≈≈≈≈≈≈≈≈≈≈≈≈ #
###≈≈≈≈.†≈≈≈≈≈≈≈≈≈≈####≈≈≈≈
≈≈
≈≈≈≈≈≈≈..≈≈≈≈≈≈###########≈
≈≈
≈≈≈≈≈≈≈..≈≈≈...[...........
≈≈
≈≈≈≈≈≈≈..≈...#######.####.#
≈≈ ≈≈≈≈≈#8..8.### #.####.#
#≈ ≈≈####8.g8.# #..>##.# ##
#..ggg# #...##.# #...g@#
#...##.# ##..gg# #.......
###### ##..##.# #...##.#
##.#.##.# #..#.##..
##.##.##.# #..##.##.#
##.###.....


You could see Robin, 5 hobgoblins and a goblin (strong).

Vanquished Creatures
  A phantom (D:2)
  An adder (D:2)
  A dart slug (D:1)
  4 bats
  An endoplasm (D:1)
  A giant cockroach (D:1)
  6 goblins
  3 hobgoblins
  2 ball pythons (D:1)
  3 rats (D:1)
23 creatures vanquished.

Vanquished Creatures (collateral kills)
  A goblin (D:2)
1 creature vanquished.

Grand Total: 24 creatures vanquished

Notes
Turn   | Place    | Note
-------+----------+-------------------------------------------
     0 | D:1      | zeram the Troll Summoner began the quest for the Orb.
     0 | D:1      | Reached XP level 1. HP: 16/16 MP: 1/1
    89 | D:1      | Reached skill level 2 in Dodging
   105 | D:1      | Reached XP level 2. HP: 15/24 MP: 2/2
   146 | D:1      | Learned a level 2 spell: Call Imp
   244 | D:1      | Found a faded altar of an unknown god.
   487 | D:2      | Noticed a phantom
   552 | D:2      | Reached XP level 3. HP: 20/31 MP: 3/3
   577 | D:2      | Killed a phantom
   578 | D:2      | Reached skill level 1 in Staves
   578 | D:2      | Reached skill level 3 in Dodging
   578 | D:2      | Reached XP level 4. HP: 32/39 MP: 2/4
   734 | D:2      | Noticed Robin
   773 | D:2      | Slain by a hobgoblin

Illustrated notes

Levels and vault maps discovered:
D:1:      tarquinn_simple_flora_water_b, layout_rooms,
          shapermc_ecumenical_altar_acropolis, minmay_tetromino_o2
D:2:      wander_river, layout_basic, serial_shops, shop, nrook_mini_vaults,
          minmay_stone_trees_small, chequers_big_river, uniq_robin, uniq_terence

Skill      XL: |  1  2  3 |
---------------+----------+-----
Dodging        | 2 3 |  3.4
Staves         | 1 |  1.8
Stealth        | |  1.0
Spellcasting   | |  1.2
Summonings     | |  2.9

Action                   |  1- 3 |  4- 6 || total
-------------------------+-------+-------++-------
Melee: Unarmed           |    36 |       ||    36
       Staff             |    96 |    31 ||   127
 Cast: Call Imp          |     2 |     2 ||     4
  Use: Scroll            |     1 |       ||     1
       Potion            |     1 |     1 ||     2
 Stab: Sleeping          |     1 |       ||     1
Armor: Robe              |    99 |    27 ||   126
Dodge: Dodged            |   118 |    50 ||   168
